 Dungeon Crawl Stone Soup version 0.30-a0-879-ga8ba668304 (webtiles) character file.

Game seed: 13420831272799774218

79 jasper the Chopper (level 4, 0/29 HPs)
             Began as a Tengu Berserker on Mar 13, 2023.
             Was a Believer of Trog.
             Slain by Robin
             ... wielding a +0 trident
              (5 damage)
             ... on level 3 of the Dungeon.
             The game lasted 00:02:41 (1996 turns).

jasper the Chopper (Tengu Berserker)                Turns: 1996, Time: 00:02:41

Health: 0/29       AC:  6    Str: 20    XL:     4   Next: 37%
Magic:  0/5        EV: 10    Int:  7    God:    Trog [**....]
Gold:   80         SH:  0    Dex: 13    Spells: 3/3 levels left

rFire   . . .      SeeInvis .    a - +0 hand axe
rCold   . . .      Faith    .    (no shield)
rNeg    . . .      Spirit   +    o - +0 scale mail
rPois   .          Reflect  .    (helmet restricted)
rElec   .          Rampage  .    (no cloak)
rCorr   .                        (no gloves)
Will    +++..                    (boots unavailable) Stlth
                                 d - amulet of guardian spirit
HPRegen 1.24/turn                j - ring of willpower
MPRegen 0.09/turn                (no ring)

@: strong-willed, on berserk cooldown, regenerating, slowed, very slow
A: beak, talons 3
a: Renounce Religion, Berserk, Trog's Hand


You were on level 3 of the Dungeon.
You worshipped Trog.
Trog was pleased with you.
You visited 1 branch of the dungeon, and saw 3 of its levels.

You collected 80 gold pieces.

Inventory:

Hand Weapons
 a - a +0 hand axe (weapon)
Missiles
 e - 2 javelins (quivered)
 k - 29 stones
Armour
 b - a +0 animal skin
 c - a +0 ring mail
 o - a +0 scale mail (worn)
Jewellery
 d - an amulet of guardian spirit (around neck)
 j - a ring of willpower (left hand)
Scrolls
 i - a scroll of magic mapping
 n - a scroll of fog
Potions
 f - a potion of curing
 g - a potion of flight
 h - a potion of haste {unknown}
 m - a potion of ambrosia {unknown}
 p - a potion of invisibility


   Skills:
 + Level 3.6 Fighting
 * Level 4.8 Axes
 + Level 2.6 Armour
 - Level 2.1 Dodging


You had 3 spell levels left.
You didn't know any spells.
Your spell library was empty.

Dungeon Overview and Level Annotations

Branches:
Dungeon (3/15)

Altars:

Annotations:
D:3 Robin


Innate Abilities, Weirdness & Mutations

You have a beak for a mouth.
You have claws for feet.


Message History

The hobgoblin hits you. The goblin hits you but does no damage.
You take 1 damage, and have 26/42 hp.
You slash the goblin!
You kill the goblin!
Trog accepts your kill.
You slash the hobgoblin!
You kill the hobgoblin!
Trog accepts your kill.
You hit the jackal. You hit the goblin.
You kill the goblin!
Trog accepts your kill.
The jackal bites you but does no damage.
You barely miss the jackal. You closely miss the jackal.
You are no longer berserk.
You are exhausted.
You feel yourself slow down.
The jackal bites you but does no damage. x2
You now have 18/29 hp.
You hit the jackal. You peck the jackal.
You kill the jackal!
Trog accepts your kill.
You hit the jackal.
You kill the jackal!
Trog accepts your kill. Something hits you.
You take 5 damage, and have 13/29 hp.
Your skin crawls.
You feel strong-willed. Something hits you.
You take 2 damage, and have 11/29 hp.
You swing at nothing.
Something hits you but does no damage. Something hits you.
You take 1 damage, and have 10/29 hp.
You swing at nothing.
Something hits you.
* * * LOW HITPOINT WARNING * * *
Something hits you.
* * * LOW HITPOINT WARNING * * *
You take 6 damage, and have 4/29 hp.
MASSIVE DAMAGE!!
You now have 1/5 mp.
You swing at nothing.
Something hits you.
You die...

.
#..##..#...#..##.#.#
#.##...#...#...#.#.#
...
#>.##...##.>#.#.#
###
####....>######.#
####.#.#....###.#
#........!.......
#........######
#......))#....$
#.....)@)...#
#...[.))$......
#........#..###
#......$.#.(#
#######... ... ##...
.#. .... #....


There were no monsters in sight!

Vanquished Creatures
  An adder (D:2)
  2 dart slugs
  6 orcs
  An endoplasm (D:2)
  A giant cockroach (D:1)
  11 goblins
  7 hobgoblins
  3 jackals (D:3)
  4 kobolds
  2 quokkas
  6 ball pythons
  3 bats
  5 frilled lizards
  3 rats (D:1)
55 creatures vanquished.

Notes
Turn   | Place    | Note
-------+----------+-------------------------------------------
     0 | D:1      | jasper the Tengu Berserker began the quest for the Orb.
     0 | D:1      | Reached XP level 1. HP: 14/14 MP: 2/2
   121 | D:1      | Reached XP level 2. HP: 19/19 MP: 3/3
   551 | D:1      | Reached skill level 4 in Axes
   874 | D:2      | Reached XP level 3. HP: 23/23 MP: 4/4
  1429 | D:2      | Reached ** piety under Trog
  1825 | D:3      | Reached XP level 4. HP: 28/28 MP: 5/5
  1982 | D:3      | Noticed Robin
  1996 | D:3      | Slain by Robin

Illustrated notes

Levels and vault maps discovered:
D:1:      tarquinn_simple_flora_water_a, layout_loops_cross
D:2:      layout_basic, serial_rivers, chequers_serial_rivers_small_a,
          chequers_serial_rivers_micro_d, chequers_serial_rivers_room_a,
          chequers_serial_rivers_small_b
D:3:      layout_basic, tso_metal_star, elyvilon_altar_1,
          ebering_ecumenical_altar_mist, hex_large, grunt_ministairs_6,
          chequers_serial_rivers_micro_b, uniq_robin, uniq_sigmund

Skill      XL: |  1  2 |
---------------+-------+-----
Axes           | 4 |  4.8
Fighting       | |  3.6
Armour         | |  2.6
Dodging        | |  2.1

Action                     |  1- 3 |  4- 6 || total
---------------------------+-------+-------++-------
  Melee: Hand axe          |    96 |     9 ||   105
         Kick              |    20 |     1 ||    21
         Peck              |    10 |     1 ||    11
         Punch             |     2 |       ||     2
  Throw: Javelin           |     8 |     1 ||     9
 Invoke: Berserk           |     2 |     1 ||     3
         Trog's Hand       |       |     1 ||     1
    Use: Scroll            |     5 |       ||     5
 Armour: Ring mail         |    20 |       ||    20
         Scale mail        |    16 |    10 ||    26
  Dodge: Dodged            |    60 |     5 ||    65

Table legend: (Time is in decaauts)
 A = Elapsed time spent in this place.
 B = Non-inter-level travel time spent in this place.
 C = Inter-level travel time spent in this place.
 D = Time resting spent in this place.
 E = Time spent auto-exploring this place.
 F = Levels seen in this place.
 G = Mean time per level.
                   A        B        C        D        E       F      G
               +--------+--------+--------+--------+--------+-----+--------+
         Total |   2034 |   1993 |     41 |    265 |   1326 |   3 |  678.0 |
       Dungeon |   2034 |   1993 |     41 |    265 |   1326 |   3 |  678.0 |
               +--------+--------+--------+--------+--------+-----+--------+

Top non-repeatable levels by time:
     D:2: 1011 daAuts
     D:1: 781 daAuts
     D:3: 240 daAuts
